 Dungeon Crawl Stone Soup version 0.31-a0-1405-g2bb1a01664 (webtiles) character file.

Game seed: 15426539341399019722

79552 jasper the Mimic (level 14, -1/156 HPs)
             Began as an Octopode Shapeshifter on Dec 25, 2023.
             Was the Champion of Jiyva.
             Slain by Snorg (17 damage)
             ... on level 13 of the Dungeon.
             The game lasted 00:26:19 (14066 turns).

jasper the Mimic (Octopode Shapeshifter)           Turns: 14066, Time: 00:26:19

Health: -1/156     AC:  3    Str: 18    XL:     14   Next: 82%
Magic:  14/14      EV: 24    Int: 14    God:    Jiyva [******]
Gold:   492        SH:  0    Dex: 16    Spells: 13/13 levels left

rFire   . .          .
                       - Unarmed
rCold   . . .        (shield currently unavailable)
rNeg    + . .        (helmet restricted)
rPois   +            y - amulet of regeneration
rElec   .            k - ring of flight
rCorr   +            t - +4 ring of slaying
SInv    .            F - ring of Giboos {rN+ Stlth+}
Will    ++...        (no ring) Stlth
                     (no ring)
HPRegen 2.86/turn    (no ring)
MPRegen 0.94/turn    (no ring)
                     (no ring)

%: no passive effects
@: berserking, flux-form, flying, glowing, very quick
A: glow, contaminating, almost no armour, amphibious, 8 rings, camouflage 1,
gelatinous body 1, (nimble swimmer 1), tentacles, antennae 2, tentacle spike 1,
iridescent scales 1, agile 1, clever 1, strong-willed 1, passive freeze, sense
surroundings 3, poison resistance, strong 1, tendrils
}: 1/15 runes: slimy
a: Begin Untransformation, Renounce Religion, Oozemancy, Slimify


You were on level 13 of the Dungeon.
You worshipped Jiyva.
Jiyva was exalted by your worship.
You were something dangerously unstable.
You visited 4 branches of the dungeon, and saw 25 of its levels.
You visited 1 bazaar.
You also visited: Sewer.

You collected 1521 gold pieces.
You spent 1029 gold pieces at shops.

Inventory:

Missiles
 d - 96 stones (quivered)
 e - 2 throwing nets
Jewellery
 k - a ring of flight (left tentacle)
 r - a +6 ring of intelligence
 t - a +4 ring of slaying (right tentacle)
 y - an amulet of regeneration (around mantle)
 F - the ring of Giboos (on tentacle) {rN+ Stlth+}
   (You bought it in a shop on level 1 of the Orcish Mines)

   [ring of positive energy]

   rN+:       It protects you from negative energy.
   Stlth+:    It makes you more stealthy.
Talismans
 b - a beast talisman
 c - a flux talisman (active)
 E - a serpent talisman
Wands
 A - a wand of flame (33)
 H - a wand of polymorph (8)
Scrolls
 g - 3 scrolls of vulnerability
 h - a scroll of revelation
 j - 3 scrolls of fog
 l - a scroll of amnesia
 q - 2 scrolls of fear
 s - 3 scrolls of blinking
 x - 4 scrolls of identify
 z - 4 scrolls of teleportation
 B - 2 scrolls of brand weapon
 D - 2 scrolls of enchant weapon
Potions
 a - a potion of lignification
 i - a potion of resistance
 m - 2 potions of heal wounds
 n - a potion of magic
 o - a potion of brilliance
 p - 3 potions of haste
 u - 3 potions of mutation
 v - 2 potions of might
 w - 6 potions of curing


   Skills:
 + Level 12.6 Fighting
 + Level 12.0 Dodging
 + Level 12.8 Unarmed Combat
 - Level 14.0 Shapeshifting


You had 13 spell levels left.
You didn't know any spells.
Your spell library contained the following spells:

 Spells                   Type           Power      Damage    Failure   Level
 Magic Dart               Conj           0%         1d3       28%         1
 Sting                    Conj/Alch      0%         1d3       28%         1
 Blink                    Tloc           0%         N/A       41%         2
 Call Imp                 Summ           0%         N/A       41%         2
 Mercury Vapours          Alch/Air       0%         N/A       41%         2
 Searing Ray              Conj           0%         2d4       41%         2
 Fulminant Prism          Conj/Alch      0%         3d5       96%         4
 Olgreb's Toxic Radiance  Alch           0%         N/A       96%         4
 Summon Lightning Spire   Summ/Air       0%         N/A       96%         4
 Lee's Rapid Deconstruct  Erth           0%         3d4*      100%        5
 Animate Armour           Summ/Erth      Unusable   N/A       N/A         4

Dungeon Overview and Level Annotations

Branches:
Dungeon (13/15)            Temple (0/1) D:7            Lair (5/5) D:8
  Snake (0/4) Lair:3        Slime (5/5) Lair:5          Orc (2/2) D:11
    Elf (0/3) Orc:2         Sewer (visited)
  Swamp: Lair:2-3    Shoals: Lair:2-3    Vaults: D:13-14

Altars:
Cheibriados
Dithmenos
Hepliaklqana
Makhleb
Okawaru
Sif Muna
Uskayaw
Yredelemnul
Zin
The Shining One
Jiyva

Shops:
D:6 [   D:8 (   Orc:1 *   Orc:2 ?(![!:?

Annotations:
D:12 Rupert
D:13 Snorg
Lair:1 2 transporters, Likado's ghost, journeyman HuSu
Lair:2 exclusion: hydra
Lair:4 exclusion: hydra
Slime:5 Royal Jelly


Innate Abilities, Weirdness & Mutations

You are something dangerously unstable.
You glow with magical radiation, making you easy to see and hit.
Foes you strike become dangerously contaminated with magical radiation.
You are incapable of wielding weapons or throwing items.
You cannot wear most types of armour.
You are amphibious.
You can wear up to eight rings at the same time.
Your skin changes colour to match your surroundings (Stealth+).
Your rubbery body absorbs attacks. (AC +1, EV +1)
((You are camouflaged when in or above water. (Stealth+)))
You have tentacles for arms and can constrict up to eight enemies at once.
You have a pair of antennae on your head.
One of your tentacles bears a spike.
You are partially covered in iridescent scales. (AC +2)
You are agile. (Dex +4, Str/Int -1)
Your mind is acute. (Int +4, Str/Dex -1)
You are strong-willed. (Will+)
A frigid envelope surrounds you and freezes all who hurt you.
You passively map a large area around you.
Your system is resistant to poisons. (rPois)
Your muscles are strong. (Str +4, Int/Dex -1)
You are covered in slimy tendrils that may disarm your opponents.


Message History

Snorg is very cold.
Snorg is moderately wounded.
The centaur hits you.
* * * LOW HITPOINT WARNING * * *
The centaur is very cold.
The centaur is almost dead.
The centaur completely misses you. The centaur closely misses you. x2
The centaur completely misses you. The centaur misses you. x3
You take 34 damage, and have 33/156 hp.
MASSIVE DAMAGE!!
You bludgeon Snorg!
Snorg glows dangerously bright.
You pierce Snorg!
Snorg is moderately wounded.
The centaur warrior completely misses you.
The centaur warrior kicks you but does no damage.
The centaur warrior is very cold.
The centaur warrior is almost dead.
The centaur completely misses you. x2
You bludgeon Snorg!
Snorg shudders as magic cascades through her.
Snorg twists and deforms.
You pierce Snorg.
Snorg is heavily wounded.
The centaur completely misses you. The centaur barely misses you.
Snorg bites you!
* * * LOW HITPOINT WARNING * * *
Snorg is very cold.
Snorg is heavily wounded.
Snorg barely misses you. Snorg closely misses you.
The centaur completely misses you. x3; The centaur barely misses you.
You take 14 damage, and have 20/156 hp.
You bludgeon Snorg!
Snorg begins to glow.
You pierce Snorg!
Snorg is severely wounded.
The centaur warrior completely misses you.
The centaur warrior closely misses you. The centaur barely misses you. x2
The centaur closely misses you. The centaur kicks you.
* * * LOW HITPOINT WARNING * * *
The centaur hits you.
* * * LOW HITPOINT WARNING * * *
The centaur is very cold.
The centaur is almost dead.
The centaur completely misses you. Snorg bites you!
You die...

# #...# ,
, # #...#
#........#
* , * #
#...#
#........#
,,* , * #
#...#
#........#
* , #
#...#
#........#
, # #...#
#........#
* # #...#
#........#
* , * #
#...#
#..JcTc..#
* , , , #
#...#
#...cpc..#
# #...#
#.....c..#
, * , #
#...#
#........#
* * #
#...#
#........#
,, # #...#
#........#
, , * #
#...#
#........#
, * , * #
#...#
#........#
, , #
#...#
#........#
* * , #
#...#
#........#
,* ,


You could see Snorg (berserk, contam, misshapen), a centaur warrior, 4 centaurs
and a neutral jelly (wandering) (fellow slime).

Vanquished Creatures
  Nessos (Lair:5)
  3 hydras
  3 boulder beetles
  4 ogre magi (Orc:2)
  2 centaur warriors (D:13)
  A catoblepas (Lair:5)
  20 two-headed ogres
  5 death yaks (Lair:5)
  A deep troll shaman (Lair:5)
  Urug (Orc:2)
  2 lindwurms (Lair:5)
  An ugly thing (D:11)
  5 elephants (Lair:5)
  A cyclops (D:11)
  A kobold blastminer (Orc:2)
  2 black mambas
  A gargoyle (D:12)
  2 rime drakes
  6 cane toads
  7 komodo dragons
  4 trolls
  9 blink frogs
  3 dream sheep (Lair:5)
  2 shadows
  2 wraiths (D:13)
  3 wyverns
  3 basilisks
  2 wargs (Orc:1)
  21 yaks
  2 steam dragons
  4 nagas (Lair:3)
  2 acid dragons
  11 water moccasins
  3 black bears
  8 orc warriors
  2 centaurs
  An ice beast (D:5)
  16 wolves
  27 ogres
  A phantom (D:4)
  A kobold brigand (D:11)
  9 bullfrogs
  3 scorpions
  5 wights (D:9)
  29 killer bees
  A jelly (Orc:2)
  10 howler monkeys
  2 hounds (D:6)
  3 orc priests
  2 sleepcaps (D:6)
  Terence (D:2)
  4 iguanas
  18 orc wizards
  11 hell rats (Lair:1)
  A gnoll (D:11)
  7 adders
  14 river rats (Lair:1)
  13 white imps
  2 worms
  62 orcs
  4 bats
  14 giant cockroaches
  4 goblins
  4 hobgoblins
  2 jackals (D:1)
  3 kobolds
  12 quokkas
  11 ball pythons
  12 frilled lizards
  11 rats (Lair:1)
470 creatures vanquished.

Vanquished Creatures (collateral kills)
  A catoblepas (Lair:3)
  Erica (D:8)
  5 death yaks (Lair:5)
  A manticore (D:11)
  A rime drake (Lair:1)
  4 dream sheep (Lair:5)
  An ogre (D:5)
  A hound (D:5)
  A sleepcap (D:6)
16 creatures vanquished.

Vanquished Creatures (others)
  A gargoyle (D:13)
  An orc warrior (Orc:2)
  A black bear (D:7)
  An ogre (D:6)
  2 centaurs
  A bullfrog (Lair:3)
  29 jellies
  A howler monkey (D:7)
  2 orc wizards (D:6)
  A gnoll (D:1)
  An adder (D:5)
  A white imp (D:7)
  A worm (D:2)
  11 orcs
  2 bats
  A goblin (D:1)
  A hobgoblin (D:1)
  2 jackals (D:1)
  A quokka (D:3)
  2 ball pythons
  2 frilled lizards
  2 rats (D:2)
67 creatures vanquished.

Grand Total: 553 creatures vanquished

Notes
Turn   | Place    | Note
-------+----------+-------------------------------------------
     0 | D:1      | jasper the Octopode Shapeshifter began the quest for the
                  | Orb.
     0 | D:1      | Reached XP level 1. HP: 13/13 MP: 1/1
    18 | D:1      | Found a faded altar of an unknown god.
    30 | D:1      | Prayed at the altar of an unknown god.
    30 | D:1      | Became a worshipper of Jiyva Jadudad the Shapeless
    30 | D:1      | Reached * piety under Jiyva
   133 | D:1      | Reached XP level 2. HP: 18/18 MP: 2/2
   280 | D:1      | Reached ** piety under Jiyva
   585 | D:1      | Reached XP level 3. HP: 15/23 MP: 3/3
   785 | D:2      | Reached *** piety under Jiyva
   982 | D:2      | Gained mutation: Your melee attacks may engulf your foes in
                  | ooze. [Jiyva's grace]
   982 | D:2      | Gained mutation: One of your tentacles bears a spike.
                  | [Jiyva's grace]
   982 | D:2      | Gained mutation: One of your tentacles bears a nasty spike.
                  | [Jiyva's grace]
   982 | D:2      | Gained mutation: One of your tentacles bears a large
                  | vicious spike. [Jiyva's grace]
   982 | D:2      | Found a shimmering blue altar of Sif Muna.
  1059 | D:2      | Noticed Terence
  1065 | D:2      | Killed Terence
  1114 | D:3      | Found a snail-covered altar of Cheibriados.
  1206 | D:3      | Reached XP level 4. HP: 29/29 MP: 4/4
  1519 | D:3      | Found a shimmering blue altar of Sif Muna.
  1611 | D:3      | Found a glowing drain.
  1614 | D:3      | Reached **** piety under Jiyva
  1625 | D:3      | Reached skill level 4 in Shapeshifting
  1635 | Sewer    | Entered a sewer
  1691 | Sewer    | Noticed a bullfrog
  1696 | Sewer    | Noticed a bullfrog
  1700 | Sewer    | Killed a bullfrog
  1701 | Sewer    | Reached XP level 5. HP: 35/35 MP: 5/5
  1735 | Sewer    | Reached XP level 6. HP: 40/41 MP: 6/6
  2101 | D:4      | Reached skill level 5 in Shapeshifting
  2227 | D:4      | Noticed a black bear
  2230 | D:4      | Killed a black bear
  2539 | D:4      | Reached XP level 7. HP: 37/46 MP: 7/7
  2653 | D:4      | Reached ***** piety under Jiyva
  2737 | D:5      | Entered Level 5 of the Dungeon
  2782 | D:5      | Reached skill level 6 in Shapeshifting
  2813 | D:5      | Noticed a two-headed ogre
  2821 | D:5      | Killed a two-headed ogre
  2822 | D:5      | Reached skill level 8 in Shapeshifting
  2822 | D:5      | Reached XP level 8. HP: 23/54 MP: 8/8
  2899 | D:5      | Reached skill level 5 in Unarmed Combat
  3279 | D:5      | Reached XP level 9. HP: 59/59 MP: 9/9
  3279 | D:5      | Lost mutation: Your melee attacks may engulf your foes in
                  | ooze. [Jiyva's grace]
  3279 | D:5      | Gained mutation: Your body has grown eyes which may confuse
                  | attackers. (Acc +3) [Jiyva's grace]
  3279 | D:5      | Gained mutation: Your body has grown many eyes which may
                  | confuse attackers. (Acc +5) [Jiyva's grace]
  3279 | D:5      | Gained mutation: Your body is covered in eyes which may
                  | confuse attackers. (Acc +7, SInv) [Jiyva's grace]
  3279 | D:5      | Gained mutation: You have acidic saliva. [Jiyva's grace]
  3676 | D:6      | Reached skill level 5 in Fighting
  3677 | D:6      | Found a basalt altar of Yredelemnul.
  3694 | D:6      | Found Vijuew's Antique Armour Boutique.
  3855 | D:7      | Found a staircase to the Ecumenical Temple.
  4004 | D:7      | Found a burning altar of Makhleb.
  4012 | D:7      | Found a shadowy altar of Dithmenos.
  4014 | D:7      | Found an iron altar of Okawaru.
  4016 | D:7      | Found a hide-covered altar of Uskayaw.
  4026 | D:7      | Found a glowing silver altar of Zin.
  4040 | D:7      | Reached ****** piety under Jiyva
  4322 | D:8      | Reached skill level 5 in Dodging
  4518 | D:8      | Found a staircase to the Lair.
  4589 | D:8      | Found Rarr's Weapon Shop.
  4630 | D:8      | Reached XP level 10. HP: 69/69 MP: 10/10
  4665 | D:8      | Lost mutation: Your body is covered in eyes which may
                  | confuse attackers. (Acc +7, SInv) [Jiyva's grace]
  4665 | D:8      | Gained mutation: Your pliable body absorbs attacks. (AC +2,
                  | EV +2) [Jiyva's grace]
  4665 | D:8      | Gained mutation: Your gelatinous body deflects attacks. (AC
                  | +3, EV +3) [Jiyva's grace]
  4665 | D:8      | Gained mutation: A frigid envelope surrounds you and
                  | freezes all who hurt you. [Jiyva's grace]
  4665 | D:8      | Gained mutation: You have a small jelly attached to you
                  | that may absorb projectiles. [Jiyva's grace]
  4767 | D:8      | Noticed Erica
  4777 | D:8      | Killed Erica
  5726 | D:10     | Entered Level 10 of the Dungeon
  5795 | D:10     | Reached XP level 11. HP: 66/78 MP: 11/11
  5919 | D:10     | Found a hazy altar of Hepliaklqana.
  6112 | D:10     | Noticed a two-headed ogre
  6123 | D:10     | Killed a two-headed ogre
  6210 | D:10     | Found a glowing golden altar of the Shining One.
  6323 | D:11     | Noticed a brown ugly thing
  6331 | D:11     | Killed a brown ugly thing
  6456 | D:11     | Found a frozen archway.
  6519 | D:11     | Noticed a two-headed ogre
  6530 | D:11     | Killed a two-headed ogre
  6549 | D:11     | Lost mutation: One of your tentacles bears a large vicious
                  | spike. [Jiyva's grace]
  6549 | D:11     | Lost mutation: One of your tentacles bears a nasty spike.
                  | [Jiyva's grace]
  6549 | D:11     | Lost mutation: You have acidic saliva. [Jiyva's grace]
  6549 | D:11     | Lost mutation: Your body has grown many eyes which may
                  | confuse attackers. (Acc +5) [Jiyva's grace]
  6549 | D:11     | Lost mutation: Your body has grown eyes which may confuse
                  | attackers. (Acc +3) [Jiyva's grace]
  6549 | D:11     | Lost mutation: Your gelatinous body deflects attacks. (AC
                  | +3, EV +3) [Jiyva's grace]
  6549 | D:11     | Lost mutation: You have a small jelly attached to you that
                  | may absorb projectiles. [Jiyva's grace]
  6549 | D:11     | Gained mutation: You are covered in slimy tendrils that may
                  | disarm your opponents. [Jiyva's grace]
  6549 | D:11     | Gained mutation: You are agile. (Dex +4, Str/Int -1)
                  | [Jiyva's grace]
  6549 | D:11     | Gained mutation: You are very agile. (Dex +8, Str/Int -2)
                  | [Jiyva's grace]
  6549 | D:11     | Gained mutation: Your muscles are strong. (Str +4, Int/Dex
                  | -1) [Jiyva's grace]
  6558 | D:11     | Noticed a boulder beetle
  6570 | D:11     | Killed a boulder beetle
  6667 | D:11     | Noticed a manticore
  6672 | D:11     | Killed a manticore
  6673 | D:11     | Reached skill level 10 in Unarmed Combat
  6703 | D:11     | Noticed a cyclops
  6711 | D:11     | Killed a cyclops
  6926 | D:11     | Found a staircase to the Orcish Mines.
  7037 | D:11     | Found a flickering gateway to a bazaar.
  7046 | Bazaar   | Entered a bazaar
  7050 | Bazaar   | Found Kelam's Magic Scroll Shoppe.
  7058 | Bazaar   | Found Odifur's Antique Weapon Shoppe.
  7069 | Bazaar   | Found Jyhid's General Store.
  7084 | Bazaar   | Found Dyock's Antique Armour Emporium.
  7092 | Bazaar   | Found Beawn's Jewellery Emporium.
  7100 | Bazaar   | Bought an amulet of regeneration for 510 gold pieces
  7126 | Bazaar   | Bought a scroll of fog for 52 gold pieces
  7126 | Bazaar   | Bought a scroll of teleportation for 39 gold pieces
  7227 | Lair:1   | Entered Level 1 of the Lair of Beasts
  7243 | D:8      | Reached skill level 10 in Fighting
  7352 | Lair:1   | Noticed Likado's ghost (journeyman HuSu)
  7354 | Lair:1   | Found a transporter.
  7363 | Lair:1   | Reached XP level 12. HP: 86/87 MP: 12/12
  7784 | Lair:1   | Reached skill level 10 in Dodging
  7960 | Lair:1   | Found a transporter.
  8258 | Lair:2   | Noticed a seven-headed hydra
  8344 | Lair:3   | Noticed a catoblepas
  8414 | Lair:3   | Killed a catoblepas
  8452 | Lair:3   | Gained mutation: You are partially covered in iridescent
                  | scales. (AC +2) [Jiyva's grace]
  8452 | Lair:3   | Gained mutation: You are mostly covered in iridescent
                  | scales. (AC +4) [Jiyva's grace]
  8452 | Lair:3   | Gained mutation: You are completely covered in iridescent
                  | scales. (AC +6) [Jiyva's grace]
  8452 | Lair:3   | Gained mutation: Your mind is acute. (Int +4, Str/Dex -1)
                  | [Jiyva's grace]
  8520 | Lair:3   | Found a staircase to the Snake Pit.
  9375 | Lair:4   | Noticed a seven-headed hydra
  9468 | Lair:4   | Noticed a seven-headed hydra
  9495 | Lair:4   | Killed a seven-headed hydra
  9496 | Lair:4   | Reached skill level 9 in Shapeshifting
  9580 | Lair:4   | Reached skill level 10 in Shapeshifting
  9637 | Lair:4   | Killed a seven-headed hydra
  9638 | Lair:4   | Reached XP level 13. HP: 81/95 MP: 13/13
  9785 | Lair:4   | Gained mutation: You have a pair of small antennae on your
                  | head. [Jiyva's grace]
  9785 | Lair:4   | Gained mutation: You have a pair of antennae on your head.
                  | [Jiyva's grace]
  9785 | Lair:4   | Gained mutation: You have a pair of large antennae on your
                  | head. (SInv) [Jiyva's grace]
  9785 | Lair:4   | Gained mutation: Your system is resistant to poisons.
                  | (rPois) [Jiyva's grace]
 10031 | Lair:5   | Entered Level 5 of the Lair of Beasts
 10080 | Lair:5   | Found a staircase to the Slime Pits.
 10095 | Slime:1  | Entered Level 1 of the Pits of Slime
 10095 | Slime:1  | Noticed a quicksilver ooze
 10098 | Slime:1  | Noticed a rockslime
 10100 | Slime:2  | Noticed a rockslime
 10106 | Slime:3  | Noticed an acid blob
 10118 | Slime:4  | Noticed an azure jelly
 10126 | Slime:4  | Noticed a rockslime
 10133 | Slime:5  | Entered Level 5 of the Pits of Slime
 10177 | Slime:5  | Noticed a great orb of eyes
 10182 | Slime:5  | Noticed an acid blob
 10192 | Slime:5  | Noticed an acid blob
 10206 | Slime:5  | Found a viscous altar of Jiyva.
 10208 | Slime:5  | Found the +8 frozen axe "Frostbite" {freeze, freezing
                  | cloud, *Noise Fly rC+}
 10210 | Slime:5  | Noticed the Royal Jelly
 10210 | Slime:5  | Noticed a great orb of eyes
 10211 | Slime:5  | Noticed a great orb of eyes
 10226 | Slime:5  | Got a starry gem with 871 turns to spare
 10226 | Slime:5  | Got a slimy rune of Zot
 10231 | Slime:5  | Identified the +1 falchion of Noklyar {protect, rCorr Int+3
                  | Dex+5 Stlth-}
 10245 | Slime:5  | Noticed a great orb of eyes
 10252 | Slime:5  | Noticed an acid blob
 10271 | Slime:5  | Noticed a rockslime
 10363 | Slime:5  | Noticed an acid blob
 10372 | Slime:5  | Noticed an acid blob
 10483 | Slime:5  | Noticed an acid blob
 10535 | Lair:5   | Reached skill level 11 in Shapeshifting
 10763 | Orc:1    | Entered Level 1 of the Orcish Mines
 10796 | Orc:1    | Found Uwabuman's CLEARANCE SALE!.
 10811 | Orc:1    | Bought a potion of curing for 9 gold pieces
 10811 | Orc:1    | Bought the ring of Giboos {rN+ Stlth+} for 89 gold pieces
 11201 | Orc:2    | Entered Level 2 of the Orcish Mines
 11201 | Orc:2    | Found a staircase to the Elven Halls.
 11283 | Orc:2    | Found Itweysom's Book Shoppe.
 11283 | Orc:2    | Noticed Urug
 11295 | Orc:2    | Killed Urug
 11412 | Orc:2    | Reached skill level 12 in Shapeshifting
 11490 | Orc:1    | Reached skill level 13 in Shapeshifting
 11541 | Orc:2    | Was placed under penance by Jiyva
 11575 | Orc:2    | Reached XP level 14. HP: 101/101 MP: 14/14
 11581 | Orc:2    | Reached skill level 14 in Shapeshifting
 11632 | Orc:2    | Found Sinaozid's Armour Shop.
 11632 | Orc:2    | Found Luoco's Antique Weapon Emporium.
 11632 | Orc:2    | Found Itue's Distillery.
 11632 | Orc:2    | Found Dipsybbi's Magic Scroll Boutique.
 11656 | Orc:2    | Bought a potion of heal wounds for 90 gold pieces
 11656 | Orc:2    | Bought a potion of curing for 54 gold pieces
 11656 | Orc:2    | Bought a potion of heal wounds for 90 gold pieces
 11754 | Orc:2    | Was forgiven by Jiyva
 11764 | Orc:2    | Found Beungoaha's Magic Scroll Shoppe.
 11772 | Orc:2    | Bought a scroll of fog for 48 gold pieces
 11772 | Orc:2    | Bought a scroll of fear for 48 gold pieces
 11919 | Orc:2    | Found Kogur's Distillery.
 12351 | Lair:5   | Lost mutation: You have a pair of large antennae on your
                  | head. (SInv) [Jiyva's grace]
 12351 | Lair:5   | Lost mutation: You are completely covered in iridescent
                  | scales. (AC +6) [Jiyva's grace]
 12351 | Lair:5   | Lost mutation: You are mostly covered in iridescent scales.
                  | (AC +4) [Jiyva's grace]
 12351 | Lair:5   | Lost mutation: You are very agile. (Dex +8, Str/Int -2)
                  | [Jiyva's grace]
 12351 | Lair:5   | Lost mutation: Your pliable body absorbs attacks. (AC +2,
                  | EV +2) [Jiyva's grace]
 12351 | Lair:5   | Gained mutation: You passively map a small area around you.
                  | [Jiyva's grace]
 12351 | Lair:5   | Gained mutation: You passively map the area around you.
                  | [Jiyva's grace]
 12351 | Lair:5   | Gained mutation: You passively map a large area around you.
                  | [Jiyva's grace]
 12351 | Lair:5   | Gained mutation: You are strong-willed. (Will+) [Jiyva's
                  | grace]
 12471 | Lair:5   | Noticed Nessos
 12484 | Lair:5   | Killed Nessos
 12998 | Lair:5   | Identified the +6 war axe "Woywn" {elec, rElec rPois Str-3
                  | Dex-3}
 13701 | D:12     | Noticed Rupert
 14056 | D:13     | Noticed Snorg
 14066 | D:13     | Slain by Snorg

Illustrated notes

Levels and vault maps discovered:
D:1:      amcnicky_arrival_flooded_fountain, layout_loops_cross,
          shapermc_ecumenical_altar_notcrosses
D:2:      layout_rooms, basic_altar, uniq_terence
D:3:      wander_river, layout_loops_cross, mainiacjoe_overflow_surrounded_room,
          lemuel_crystal_altar, gup_sewer_entry_glass
D:4:      layout_basic
D:5:      layout_rooms
D:6:      cheibrodos_helix_gallery, layout_rooms, lemuel_crystal_altar,
          serial_shops, nicolae_shop_tiny_real_fake_doors,
          corexii_item_surrounded_by_moat, corner_web_ring
D:7:      layout_cave_pools, nicolae_overflow_hallway_of_the_gods,
          minmay_temple_entry_drinking_statues, chequers_serial_rivers_micro_c
D:8:      layout_loops_ring, erik_lair_orcish_takeover, serial_shops,
          nicolae_shop_bloodbath_and_beyond, chequers_serial_rivers_micro_d,
          uniq_erica
D:9:      layout_loops_cross
D:10:     layout_long_grid, kennysheep_mini_moat, lemuel_round_altar
D:11:     layout_loops_ring, kennysheep_orc_monster_closet_entryway,
          serial_shops, bzr_firewalk, portal_ice_cave_entry_imps
D:12:     layout_basic, wad_floor_pattern_untrapped, uniq_rupert
D:13:     layout_long_grid, eino_tiny_chamber, uniq_snorg
Lair:1:   lemuel_ratsnest, layout_chaotic_city, gammafunk_ghost_arena,
          serial_bayou_shore_b
Lair:2:   layout_loops_ring, elwin_shoals_entry_stream
Lair:3:   layout_roguey, minmay_snake_entry_guardpost_medium,
          infiniplex_staircase_pool
Lair:4:   layout_regular_city, grunt_megastairs_4
Lair:5:   grunt_lair_end_beastmaster, layout_cave_pods, slime_entry_1,
          uniq_nessos
Slime:1:  layout_caves
Slime:2:  nicolae_slime_jelly_donut, layout_caves
Slime:3:  nicolae_slime_infinislime, layout_caves, uniq_dissolution
Slime:4:  layout_caves
Slime:5:  slime_pit_nicolae_royal_road_to_ruin
Orc:1:    layout_caves, basic_altar, nicolae_shop_clearance
Orc:2:    st_orc_ogre_mass, layout_caves, serial_shops, shop,
          nicolae_square_shop, nicolae_shop_industrial_runoff, basic_altar,
          nicolae_orc_lost_temple, uniq_urug

Skill      XL: |  1  2  3  4  5  6  7  8  9 10 11 12 13 14 |
---------------+-------------------------------------------+-----
Fighting       | 2 3 4 6 8 10 11 12 | 12.6
Shapeshifting  | 4 5 8 10 13 14 | 14.0
Unarmed Combat | 4 5 7 8 10 11 12 | 12.8
Dodging        | 3 5 7 9 10 12 | 12.0

Action                     |  1- 3 |  4- 6 |  7- 9 | 10-12 | 13-15 || total
---------------------------+-------+-------+-------+-------+-------++-------
  Melee: Unarmed           |    51 |    74 |   151 |   481 |   319 ||  1076
         Constrict         |    16 |    18 |    46 |   125 |    39 ||   244
         Tentacles         |     7 |    11 |    56 |   152 |   109 ||   335
         Punch             |     2 |     2 |       |       |       ||     4
         Kick              |     4 |    26 |    67 |   227 |   183 ||   507
         Bite              |       |       |    22 |    22 |       ||    44
  Throw: Stone             |     2 |       |       |       |       ||     2
         Boomerang         |       |       |     2 |       |       ||     2
 Invoke: Oozemancy         |       |       |     1 |     6 |       ||     7
  Evoke: Wand              |       |       |     4 |       |    13 ||    17
    Use: Scroll            |     3 |     2 |     7 |    11 |     5 ||    28
         Potion            |       |       |       |       |     3 ||     3
   Stab: Sleeping          |     6 |     6 |     4 |       |     2 ||    18
         Confused          |       |       |     3 |     8 |       ||    11
         Distracted        |       |       |       |     1 |       ||     1
 Armour: Skin              |    26 |    30 |    53 |   144 |   157 ||   410
  Dodge: Dodged            |    41 |    52 |    95 |   380 |   349 ||   917
   Form: Flux              |       |       |     1 |     1 |       ||     2
         Serpent           |       |       |       |     1 |       ||     1

Table legend: (Time is in decaauts)
 A = Elapsed time spent in this place.
 B = Non-inter-level travel time spent in this place.
 C = Inter-level travel time spent in this place.
 D = Time resting spent in this place.
 E = Time spent auto-exploring this place.
 F = Levels seen in this place.
 G = Mean time per level.
                   A        B        C        D        E       F      G
               +--------+--------+--------+--------+--------+-----+--------+
         Total |  13893 |  12776 |   1117 |    453 |   9015 |  27 |  514.6 |
       Dungeon |   7706 |   7119 |    587 |    267 |   5194 |  13 |  592.8 |
          Lair |   4230 |   3837 |    393 |     92 |   2737 |   5 |  846.0 |
    Slime Pits |    430 |    352 |     78 |      0 |    286 |   5 |   86.0 |
  Orcish Mines |   1217 |   1159 |     58 |     94 |    692 |   2 |  608.5 |
        Bazaar |     91 |     91 |      0 |      0 |     49 |   1 |   91.0 |
         Sewer |    216 |    216 |      0 |      0 |     57 |   1 |  216.0 |
               +--------+--------+--------+--------+--------+-----+--------+

Top non-repeatable levels by time:
  Lair:5: 1190 daAuts
  Lair:3: 988 daAuts
  Lair:1: 985 daAuts
     D:8: 913 daAuts
    D:11: 906 daAuts
  Lair:4: 886 daAuts
     D:9: 729 daAuts
     D:3: 720 daAuts
   Orc:2: 699 daAuts
     D:1: 684 daAuts
     D:4: 678 daAuts
    D:10: 619 daAuts
     D:5: 597 daAuts
   Orc:1: 518 daAuts
     D:6: 497 daAuts
